 Dungeon Crawl Stone Soup version 0.17-a0-1837-g7c6a762 (webtiles) character file.

1758 AvaKnavely the Slicer (level 9, -4/59 HPs)
             Began as a Kobold Abyssal Knight on Sept 15, 2015.
             Was a Priest of Lugonu.
             Slain by a sky beast (5 damage)
             ... on level 6 of the Dungeon.
             The game lasted 00:13:45 (4300 turns).

AvaKnavely the Slicer (Kobold Abyssal Knight)       Turns: 4300, Time: 00:13:45

Health: -4/59      AC:  9    Str: 11    XL:     9   Next: 27%
Magic:  8/12       EV:  9    Int: 10    God:    Lugonu [***...]
Gold:   221        SH:  0    Dex: 18    Spells: 0 memorised, 8 levels left

rFire  + . .     SeeInvis .     i - +1 dagger (elec)
rCold  x . .     Clarity  .     h - +0 chain mail
rNeg   + . .     SustAt   .     (shield restricted)
rPois  .         Gourm    .     t - +0 helmet
rElec  .         Spirit   .     (no cloak)
rCorr  .         Warding  .     (no gloves)
rMut   .         Stasis   .     (no boots)
MR     .....                    B - amulet of rage (curse)
Stlth  ..........               r - ring of fire
                                k - ring of positive energy

@: not resistant to hostile enchantments, extremely unstealthy
A: carnivore 3
a: Depart the Abyss, Bend Space, Banish, Renounce Religion, Evoke Berserk Rage


You were on level 6 of the Dungeon.
You worshipped Lugonu.
Lugonu was most pleased with you.
You were full.

You visited 1 branch of the dungeon, and saw 6 of its levels.
You visited the Abyss 1 time.

You collected 221 gold pieces.

Inventory:

Hand weapons
 a - a +1 short sword
 i - a +1 dagger of electrocution (weapon)
 y - a +0 hunting sling
Armour
 b - a +0 leather armour
 d - a +0 ring mail
 h - a +0 chain mail (worn)
 t - a +0 helmet (worn)
Jewellery
 k - a ring of positive energy (left hand)
 r - a ring of fire (right hand)
 w - an uncursed ring of fire
 B - a cursed amulet of rage (around neck)
 C - an uncursed ring of poison resistance {unknown}
Magical devices
 u - a wand of disintegration (9)
 v - a wand of flame (25)
Scrolls
 e - a scroll of identify
 g - a scroll of amnesia {unknown}
 j - 5 scrolls of magic mapping {unknown}
 l - 5 scrolls of immolation
 q - 2 scrolls of enchant weapon
 z - a scroll of fog {unknown}
Potions
 f - a potion of curing
 m - a potion of ambrosia {unknown}
 n - 2 potions of magic
 o - a potion of might {unknown}
 p - a potion of haste
 x - a potion of brilliance {unknown}
Comestibles
 c - 5 meat rations
 s - a beef jerky
 A - a slice of pizza


   Skills:
 * Level 7.9 Fighting
 * Level 9.1 Short Blades
 - Level 0.7 Armour
 + Level 6.2 Dodging
 + Level 5.0 Invocations


You had 8 spell levels left.
You didn't know any spells.

Dungeon Overview and Level Annotations

Branches:
Dungeon (6/15)
 Temple: D:4-7

Altars:
Makhleb
Nemelex Xobeh
Okawaru
Ru
The Shining One


Innate Abilities, Weirdness & Mutations

You are small and have problems with some larger weapons.
You are carnivorous and can eat meat at any time.


Message History

The sky beast hits you but does no damage.
You hit the sky beast but do no damage.
The sky beast is heavily wounded.
Your chain mail prevents you from hitting the sky beast.
The sky beast is heavily wounded.
The sky beast misses you.
You closely miss the sky beast.
The sky beast is heavily wounded.
The sky beast hits you.
* * * LOW HITPOINT WARNING * * *
The sky beast shocks you.
* * * LOW HITPOINT WARNING * * *
Use which ability?
Press: ? - help, Shift-Dir - straight line, f - sky beast
Aim: a sky beast (heavily wounded, chance to defeat MR: 75%)
The sky beast struggles to resist.
You feel somewhat less full. The sky beast hits you.
* * * LOW HITPOINT WARNING * * *
The sky beast shocks you.
You die...

###.###### #...#
#.######## #.#
#....# #.# #.##.###
#.###.##...#
#.....####.#
##########.#
##########.Y@.#....#
#..........##.#.####
#..........##...#
#.........#######
#####.......<)'..#
....).........##.#
.......######.##.###
....... #.#...<#
....... #.######


You could see a sky beast.

Vanquished Creatures
  The ghost of yottam the Martial Artist, an experienced HuWn of Makhleb (D:5)
  3 yaks (D:6)
  The ghost of yottam the Insei, an average HuWn (D:3)
  A sky beast (D:5)
  A necrophage (D:5)
  An ogre (D:6)
  A scorpion (D:6)
  A giant frog zombie (D:6)
  A hound (D:5)
  2 jellies (D:5)
  An orc priest (D:4)
  4 worker ants
  2 orc wizards (D:3)
  Robin (D:3)
  3 adders
  An ooze (D:2)
  2 worms
  14 orcs
  3 giant cockroaches
  20 goblins
  10 hobgoblins
  2 jackals (D:4)
  A quokka (D:2)
  A ball python (D:1)
  A ball python skeleton (D:4)
  4 bats
  A giant gecko skeleton (D:4)
  4 giant newts
  7 kobolds
  A quokka skeleton (D:4)
  7 rats
103 creatures vanquished.

Vanquished Creatures (others)
  An ogre (D:4)
1 creature vanquished.

Grand Total: 104 creatures vanquished

Notes
Turn   | Place    | Note
--------------------------------------------------------------
     0 | Abyss:1  | AvaKnavely the Kobold Abyssal Knight began the quest for the Orb.
     0 | Abyss:1  | Reached XP level 1. HP: 14/14 MP: 2/2
    11 | D:1      | Escaped the Abyss
   117 | D:1      | Reached XP level 2. HP: 19/19 MP: 3/3
  1021 | D:2      | Acquired Lugonu's second power
  1021 | D:2      | Reached XP level 3. HP: 12/24 MP: 4/4
  1418 | D:3      | Reached XP level 4. HP: 29/29 MP: 5/5
  1423 | D:3      | Reached skill level 4 in Fighting
  1578 | D:3      | Noticed Robin
  1593 | D:3      | Killed Robin
  1593 | D:3      | Reached XP level 5. HP: 24/34 MP: 6/6
  1602 | D:3      | Acquired Lugonu's third power
  1905 | D:3      | Noticed yottam's ghost (average HuWn)
  1915 | D:3      | Killed yottam's ghost
  1915 | D:3      | Reached skill level 5 in Fighting
  1915 | D:3      | Reached skill level 5 in Short Blades
  1915 | D:3      | Reached XP level 6. HP: 12/40 MP: 6/8
  2160 | D:3      | Found an iron altar of Okawaru.
  2785 | D:4      | Reached XP level 7. HP: 14/44 MP: 9/9
  3013 | D:4      | Found a burning altar of Makhleb.
  3226 | D:5      | Entered Level 5 of the Dungeon
  3278 | D:5      | Reached skill level 6 in Short Blades
  3398 | D:5      | Noticed yottam's ghost (experienced HuWn)
  3422 | D:5      | Killed yottam's ghost
  3422 | D:5      | Reached skill level 7 in Short Blades
  3422 | D:5      | Reached skill level 5 in Dodging
  3422 | D:5      | Reached XP level 8. HP: 34/52 MP: 9/11
  3461 | D:5      | Found a sacrificial altar of Ru.
  3699 | D:5      | Found a sparkling altar of Nemelex Xobeh.
  4146 | D:6      | Reached skill level 8 in Short Blades
  4185 | D:6      | Found a glowing golden altar of the Shining One.
  4252 | D:6      | Reached XP level 9. HP: 35/56 MP: 12/12
  4264 | D:6      | Reached skill level 9 in Short Blades
  4264 | D:6      | Reached skill level 5 in Invocations
  4299 | D:6      | HP: 2/59 [sky beast (6)]
  4300 | D:6      | Slain by a sky beast

Vault maps used:
D:1:      saegor_arrival_simple_a
D:3:      overflow_temple_1_default, uniq_robin
D:4:      serial_glass, glass_columns_c, glass_columns_a, item_on_display_b,
          feat_on_display, bloody_makhleb
D:5:      lemuel_round_altar, lemuel_crystal_altar, first_bread
D:6:      lemuel_crystal_altar, serial_shops, shop, kennysheep_mini, shop,
          nicolae_shop_stone, tso_altar

Action                   |  1- 3 |  4- 6 |  7- 9 || total
-------------------------+-------+-------+-------++-------
Melee: Short sword       |    55 |       |       ||    55
       Dagger            |    54 |   160 |   169 ||   383
Invok: Banish            |       |       |     2 ||     2
  Use: Scroll            |     3 |       |     4 ||     7
       Potion            |       |     1 |     3 ||     4
 Stab: Sleeping          |     1 |       |       ||     1
  Eat: Chunk             |     9 |     2 |     5 ||    16
